[ AOE2 MATCH · #505796039 ]
UnrankedMongols vs Tupi
Player's team · LOSS
Rival team · WIN
[ REPLAY ANALYSIS · EXTRACTED FROM THE RECORDED GAME ]
Feudal
9:41
Castle
13:46
Imperial
—
| APM avg | 78.5 |
| APM peak | 130 |
| eAPM avg | 31.0 |
| Villagers / military | 111 / 68 |
Focus
⚔️ 54.8% · 🌾 45.2%
Mangudai ×49 · Steppe Lancer ×14 · Mangonel ×5
Feudal
10:59
Castle
16:25
Imperial
31:22
| APM avg | 59.5 |
| APM peak | 104 |
| eAPM avg | 26.6 |
| Villagers / military | 165 / 3 |
Focus
⚔️ 36.8% · 🌾 63.2%
Unknown (2579) ×114 · Unknown (2550) ×3 · Trebuchet (Packed) ×3
Match map
Initial resources + every placement click. Lines = walls · curves = elevation contours. ◆ gold · ⬟ stone · ● berries · ✦ relic · ◌ wall gap
Your base· Open — unwalled flank
Hoanginator's base· ✓ Closed at 16:25 · 28t walls · 1 gate(s)
Smoothed initial terrain · ◌ = detected wall gap · hover for details
Inputs per minute
— DS_Laura - - Hoanginator
Build order — DS_Laura
First 150 of 296 actions detected
| 0:01 | Create | Villager (Male) |
| 0:01 | Create | Villager (Male) |
| 0:01 | Create | Villager (Male) |
| 0:02 | Create | Villager (Male) |
| 0:02 | Create | Villager (Male) |
| 0:03 | Build | House |
| 0:05 | Build | House |
| 1:25 | Create | Villager (Male) |
| 1:53 | Create | Villager (Male) |
| 1:54 | Create | Villager (Male) |
| 2:24 | Create | Villager (Male) |
| 2:24 | Create | Villager (Male) |
| 2:50 | Build | Lumber Camp |
| 2:55 | Create | Villager (Male) |
| 2:55 | Create | Villager (Male) |
| 3:10 | Create | Villager (Male) |
| 3:18 | Create | Villager (Male) |
| 3:28 | Build | House |
| 3:32 | Build | Palisade Wall |
| 3:45 | Create | Villager (Male) |
| 3:46 | Create | Villager (Male) |
| 3:46 | Create | Villager (Male) |
| 3:53 | Create | Villager (Male) |
| 4:02 | Create | Villager (Male) |
| 4:20 | Create | Villager (Male) |
| 4:41 | Create | Villager (Male) |
| 5:32 | Create | Villager (Male) |
| 5:36 | Build | House |
| 6:04 | Build | Mill |
| 6:06 | Create | Villager (Male) |
| 6:09 | Create | Villager (Male) |
| 6:10 | Create | Villager (Male) |
| 6:54 | Research | Loom |
| 7:21 | Research | Feudal Age |
| 7:33 | Research | Loom |
| 8:21 | Build | House |
| 8:46 | Build | Mining Camp |
| 9:00 | Create | Villager (Male) |
| 9:41 | Age | Feudal Age |
| 9:43 | Build | Blacksmith |
| 9:47 | Build | Market |
| 9:50 | Create | Villager (Male) |
| 10:11 | Create | Villager (Male) |
| 10:15 | Build | House |
| 10:20 | Create | Villager (Male) |
| 10:21 | Build | House |
| 10:31 | Create | Villager (Male) |
| 10:47 | Create | Villager (Male) |
| 10:49 | Build | Palisade Wall |
| 10:52 | Build | Palisade Wall |
| 10:53 | Build | Palisade Wall |
| 11:06 | Research | Castle Age |
| 11:10 | Build | House |
| 11:11 | Build | House |
| 11:13 | Build | Palisade Wall |
| 11:17 | Build | House |
| 11:18 | Build | Palisade Wall |
| 11:29 | Build | House |
| 11:30 | Build | House |
| 11:45 | Create | Villager (Male) |
| 11:56 | Build | Palisade Wall |
| 12:00 | Build | Palisade Wall |
| 12:01 | Build | Palisade Wall |
| 12:02 | Build | Palisade Wall |
| 12:09 | Research | Double-Bit Axe |
| 12:26 | Build | Barracks |
| 12:36 | Build | Farm |
| 12:55 | Create | Villager (Male) |
| 12:57 | Build | Palisade Wall |
| 13:11 | Research | Horse Collar |
| 13:15 | Build | Farm |
| 13:18 | Build | Farm |
| 13:40 | Create | Villager (Male) |
| 13:43 | Create | Villager (Male) |
| 13:46 | Age | Castle Age |
| 13:51 | Build | Stable |
| 13:55 | Create | Villager (Male) |
| 14:29 | Create | Villager (Male) |
| 14:43 | Build | Mining Camp |
| 14:50 | Build | Farm |
| 14:57 | Build | Farm |
| 15:00 | Create | Steppe Lancer |
| 15:00 | Create | Steppe Lancer |
| 15:05 | Create | Steppe Lancer |
| 15:10 | Create | Villager (Male) |
| 15:10 | Create | Villager (Male) |
| 15:12 | Build | Farm |
| 15:43 | Build | Farm |
| 16:00 | Create | Villager (Male) |
| 16:38 | Create | Steppe Lancer |
| 16:38 | Create | Steppe Lancer |
| 16:48 | Create | Villager (Male) |
| 16:51 | Build | Farm |
| 17:07 | Build | Siege Workshop |
| 17:20 | Create | Villager (Male) |
| 17:41 | Create | Villager (Male) |
| 17:50 | Build | House |
| 17:51 | Build | House |
| 17:52 | Create | Mangonel |
| 17:59 | Create | Villager (Male) |
| 18:02 | Build | House |
| 18:04 | Build | Palisade Wall |
| 18:06 | Create | Villager (Male) |
| 18:10 | Build | Palisade Wall |
| 18:22 | Create | Villager (Male) |
| 18:28 | Research | Bow Saw |
| 18:28 | Research | Bow Saw |
| 18:35 | Create | Steppe Lancer |
| 18:35 | Create | Steppe Lancer |
| 18:56 | Create | Villager (Male) |
| 19:09 | Create | Villager (Male) |
| 19:10 | Create | Villager (Male) |
| 19:12 | Build | Farm |
| 19:26 | Build | House |
| 19:31 | Create | Villager (Male) |
| 19:35 | Build | Farm |
| 19:40 | Create | Steppe Lancer |
| 19:48 | Create | Steppe Lancer |
| 19:48 | Create | Steppe Lancer |
| 19:48 | Create | Steppe Lancer |
| 19:48 | Create | Steppe Lancer |
| 19:48 | Create | Steppe Lancer |
| 19:48 | Create | Steppe Lancer |
| 20:07 | Create | Villager (Male) |
| 20:10 | Create | Mangonel |
| 20:17 | Create | Villager (Male) |
| 20:47 | Build | Castle |
| 20:56 | Create | Villager (Male) |
| 21:00 | Create | Villager (Male) |
| 21:02 | Create | Villager (Male) |
| 21:12 | Build | Lumber Camp |
| 21:18 | Create | Villager (Male) |
| 21:25 | Create | Villager (Male) |
| 21:27 | Create | Villager (Male) |
| 21:35 | Build | House |
| 21:37 | Build | House |
| 21:43 | Build | Gate |
| 21:53 | Create | Villager (Male) |
| 21:56 | Create | Villager (Male) |
| 21:58 | Build | Farm |
| 22:00 | Build | Farm |
| 22:01 | Create | Villager (Male) |
| 22:05 | Build | Farm |
| 22:07 | Build | Farm |
| 22:17 | Create | Mangudai |
| 22:18 | Create | Mangudai |
| 22:18 | Create | Mangudai |
| 22:40 | Create | Villager (Male) |
| 22:41 | Create | Villager (Male) |
| 22:44 | Create | Mangudai |
Build order — Hoanginator
First 150 of 332 actions detected
| 0:01 | Create | Villager (Male) |
| 0:02 | Build | House |
| 0:03 | Build | House |
| 0:09 | Create | Villager (Male) |
| 0:10 | Create | Villager (Male) |
| 0:12 | Create | Villager (Male) |
| 1:01 | Create | Villager (Male) |
| 1:02 | Create | Villager (Male) |
| 1:31 | Create | Villager (Male) |
| 1:31 | Create | Villager (Male) |
| 1:32 | Create | Villager (Male) |
| 1:58 | Build | Settlement |
| 2:03 | Create | Villager (Male) |
| 2:03 | Create | Villager (Male) |
| 2:03 | Create | Villager (Male) |
| 2:13 | Create | Villager (Male) |
| 2:14 | Create | Villager (Male) |
| 2:55 | Create | Villager (Male) |
| 2:55 | Create | Villager (Male) |
| 2:55 | Create | Villager (Male) |
| 3:38 | Create | Villager (Male) |
| 3:38 | Create | Villager (Male) |
| 3:38 | Create | Villager (Male) |
| 3:38 | Create | Villager (Male) |
| 3:47 | Create | Villager (Male) |
| 3:47 | Create | Villager (Male) |
| 3:47 | Create | Villager (Male) |
| 4:21 | Build | Settlement |
| 4:44 | Create | Villager (Male) |
| 4:56 | Create | Villager (Male) |
| 5:16 | Create | Villager (Male) |
| 5:16 | Create | Villager (Male) |
| 5:16 | Create | Villager (Male) |
| 5:55 | Create | Villager (Male) |
| 6:02 | Create | Villager (Male) |
| 6:06 | Create | Villager (Male) |
| 6:42 | Build | Barracks |
| 6:57 | Build | Outpost |
| 7:11 | Create | Villager (Male) |
| 7:30 | Create | Unit 2550 |
| 7:30 | Create | Unit 2550 |
| 7:59 | Create | Villager (Male) |
| 8:13 | Research | Loom |
| 8:20 | Build | House |
| 8:21 | Build | House |
| 8:45 | Research | Feudal Age |
| 8:45 | Research | Feudal Age |
| 8:49 | Build | House |
| 8:51 | Build | Palisade Wall |
| 9:03 | Create | Unit 2550 |
| 9:18 | Build | Farm |
| 9:32 | Create | Villager (Male) |
| 9:42 | Build | House |
| 9:44 | Build | Palisade Wall |
| 9:53 | Create | Villager (Male) |
| 9:59 | Build | Farm |
| 10:04 | Build | Farm |
| 10:10 | Build | Farm |
| 10:50 | Build | Settlement |
| 10:58 | Create | Villager (Male) |
| 10:59 | Age | Feudal Age |
| 11:21 | Create | Villager (Male) |
| 11:29 | Create | Villager (Male) |
| 11:41 | Create | Villager (Male) |
| 11:54 | Create | Villager (Male) |
| 12:09 | Build | Market |
| 12:37 | Build | Blacksmith |
| 12:47 | Build | Palisade Wall |
| 12:55 | Create | Villager (Male) |
| 12:57 | Build | Palisade Wall |
| 13:14 | Build | Palisade Wall |
| 13:45 | Research | Castle Age |
| 13:46 | Research | Castle Age |
| 14:20 | Build | Palisade Wall |
| 14:28 | Build | Palisade Gate |
| 14:31 | Build | House |
| 14:45 | Research | Double-Bit Axe |
| 14:46 | Research | Double-Bit Axe |
| 15:08 | Create | Villager (Male) |
| 15:12 | Research | Horse Collar |
| 16:06 | Research | Fletching |
| 16:25 | Age | Castle Age |
| 16:28 | Create | Villager (Male) |
| 16:36 | Build | Castle |
| 16:38 | Create | Villager (Male) |
| 17:04 | Build | Farm |
| 17:05 | Research | Bow Saw |
| 17:25 | Create | Villager (Male) |
| 17:34 | Build | Farm |
| 17:35 | Create | Unit 2579 |
| 17:35 | Create | Unit 2579 |
| 17:44 | Build | Farm |
| 17:47 | Build | Farm |
| 17:52 | Create | Villager (Male) |
| 17:52 | Create | Villager (Male) |
| 17:54 | Create | Unit 2579 |
| 17:54 | Create | Unit 2579 |
| 17:55 | Create | Unit 2579 |
| 18:17 | Build | Farm |
| 18:18 | Build | Farm |
| 18:25 | Create | Villager (Male) |
| 18:27 | Create | Unit 2579 |
| 18:27 | Create | Unit 2579 |
| 18:27 | Create | Unit 2579 |
| 18:36 | Build | Farm |
| 18:47 | Create | Villager (Male) |
| 18:47 | Create | Villager (Male) |
| 18:53 | Build | Farm |
| 18:57 | Build | Farm |
| 19:00 | Build | Farm |
| 19:18 | Create | Villager (Male) |
| 19:21 | Build | Farm |
| 19:25 | Build | Farm |
| 19:26 | Create | Villager (Male) |
| 19:35 | Create | Unit 2579 |
| 19:36 | Create | Unit 2579 |
| 19:36 | Create | Unit 2579 |
| 19:36 | Create | Unit 2579 |
| 19:36 | Create | Unit 2579 |
| 20:06 | Research | Wheelbarrow |
| 20:12 | Build | Farm |
| 20:13 | Build | Farm |
| 20:15 | Build | Farm |
| 20:17 | Create | Unit 2579 |
| 20:49 | Research | Bodkin Arrow |
| 21:01 | Create | Villager (Male) |
| 21:04 | Build | Town Center |
| 21:10 | Build | Farm |
| 21:17 | Create | Villager (Male) |
| 21:20 | Create | Villager (Male) |
| 21:32 | Create | Villager (Male) |
| 21:48 | Research | Gold Mining |
| 21:50 | Create | Villager (Male) |
| 22:02 | Create | Villager (Male) |
| 22:08 | Create | Unit 2579 |
| 22:08 | Create | Unit 2579 |
| 22:12 | Create | Villager (Male) |
| 22:14 | Create | Villager (Male) |
| 22:14 | Create | Villager (Male) |
| 22:14 | Create | Villager (Male) |
| 22:17 | Create | Villager (Male) |
| 22:23 | Create | Villager (Male) |
| 22:28 | Create | Villager (Male) |
| 22:34 | Create | Villager (Male) |
| 23:01 | Research | Hand Cart |
| 23:02 | Research | Hand Cart |
| 23:03 | Create | Villager (Male) |
| 23:04 | Create | Villager (Male) |
| 23:12 | Create | Villager (Male) |
| 23:39 | Research | Heavy Plow |
Match timeline
| 3:32 | DS_Laura · wall_segment Palisade Wall x6 |
| 6:42 | Hoanginator · first_building Barracks |
| 8:51 | Hoanginator · wall_segment Palisade Wall x3 |
| 9:41 | DS_Laura · age_up feudal |
| 9:44 | Hoanginator · wall_segment Palisade Wall x5 |
| 10:49 | DS_Laura · wall_segment Palisade Wall x1 |
| 10:52 | DS_Laura · wall_segment Palisade Wall x1 |
| 10:53 | DS_Laura · wall_segment Palisade Wall x1 |
| 10:59 | Hoanginator · age_up feudal |
| 10:59 | DS_Laura · first_market_sell 100 stone |
| 11:13 | DS_Laura · wall_segment Palisade Wall x1 |
| 11:18 | DS_Laura · wall_segment Palisade Wall x1 |
| 11:56 | DS_Laura · wall_segment Palisade Wall x1 |
| 12:00 | DS_Laura · wall_segment Palisade Wall x1 |
| 12:01 | DS_Laura · wall_segment Palisade Wall x1 |
| 12:02 | DS_Laura · wall_segment Palisade Wall x1 |
| 12:26 | DS_Laura · first_building Barracks |
| 12:47 | Hoanginator · wall_segment Palisade Wall x3 |
| 12:57 | DS_Laura · wall_segment Palisade Wall x1 |
| 12:57 | Hoanginator · wall_segment Palisade Wall x6 |
| 13:14 | Hoanginator · wall_segment Palisade Wall x6 |
| 13:24 | Hoanginator · first_market_buy 100 food |
| 13:35 | DS_Laura · first_market_buy 100 wood |
| 13:46 | DS_Laura · age_up castle |
| 13:51 | DS_Laura · first_building Stable |
| 14:20 | Hoanginator · wall_segment Palisade Wall x5 |
| 16:25 | Hoanginator · age_up castle |
| 16:36 | Hoanginator · first_building Castle |
| 17:07 | DS_Laura · first_building Siege Workshop |
| 18:04 | DS_Laura · wall_segment Palisade Wall x1 |
| 18:10 | DS_Laura · wall_segment Palisade Wall x6 |
| 20:47 | DS_Laura · first_building Castle |
| 24:11 | Hoanginator · wall_segment Stone Wall x1 |
| 25:36 | Hoanginator · wall_segment Stone Wall x1 |
| 25:37 | Hoanginator · wall_segment Stone Wall x1 |
| 25:38 | Hoanginator · wall_segment Stone Wall x1 |
| 25:38 | Hoanginator · wall_segment Stone Wall x1 |
| 25:38 | Hoanginator · wall_segment Stone Wall x2 |
| 25:39 | Hoanginator · wall_segment Stone Wall x1 |
| 26:47 | Hoanginator · wall_segment Stone Wall x4 |
| 29:17 | DS_Laura · first_building Archery Range |
| 29:24 | Hoanginator · wall_segment Stone Wall x9 |
| 31:22 | Hoanginator · age_up imperial |
| 35:38 | DS_Laura · first_building Monastery |
| 37:18 | DS_Laura · resign |
[ AI ANALYSIS · 1 CREDIT ]
What really happened in this match?
Wolo.gg analyzes every decision: build order, eco, micro, common mistakes by bracket. Personalized analysis on WhatsApp or Discord in 30 seconds.
Civ guide
Mongols
Perfil
Jugador #543349